Map: Ulzaan

Players

StevenChaos - Winner!

  • Race: Protoss Protoss
  • League: Gold
  • Spawn Location: 3:00

Suffocation - Winner!

  • Race: Zerg Zerg
  • League: Silver
  • Spawn Location: 1:00

Throwfordays

  • Race: Zerg Zerg
  • League: Silver
  • Spawn Location: 11:00

Cthulhu

  • Race: Zerg Zerg
  • Spawn Location: 9:00

VOD

Have the link to the VOD?

Description

Time

  • Played on: April 22, 2019, 3:52 p.m.
  • Length: 15:29
Show
View Real Time Build Order
Export as new Build Order

StevenChaos Protoss - Winner!

Build Orders: Carriers 

Get SALT Encoding   

  1  0:00  Probe  
  12  0:06  Probe  
  14  0:16  Probe  
  15  0:28  Pylon  
  15  0:46  Probe  
  15  0:49  Gateway  
  16  0:52  Pylon  
  16  0:58  Probe  
  17  1:05  Assimilator  
  17  1:21  Forge  
  17  1:26  Probe  
  18  1:38  Probe  
  18  1:39  Cybernetics Core  
  19  1:48  Assimilator  
  19  1:51  Pylon, Probe  
  20  2:04  Probe  
  21  2:16  Probe  
  22  2:26  Photon Cannon  
  22  2:28  Probe  
  23  2:31  Photon Cannon  
  23  3:06  Stargate  
  23  3:07  Nexus  
  23  3:11  Pylon  
  23  3:12  Photon Cannon  
  23  3:18  Protoss Shields Level 1  
  23  3:26  Shield Battery  
  23  3:35  Photon Cannon  
  23  3:43  Shield Battery  
  23  4:03  Fleet Beacon  
  23  4:14  Assimilator  
  23  4:17  Probe  
  23  4:18  Assimilator  
  24  4:25  Void Ray, Probe  
  25  4:35  Probe  
  30  4:53  Probe  
  31  5:01  Probe  
  32  5:10  Probe  
  33  5:21  Probe  
  34  5:33  Probe  
  35  5:44  Carrier  
  41  6:01  Pylon  
  41  6:04  Pylon  
  41  6:32  Probe  
  41  6:38  Protoss Air Weapons Level 1  
  42  6:40  Probe  
  42  6:42  Carrier  
  43  6:50  Probe  
  50  7:02  Probe  
  51  7:53  Stargate, Carrier  
  51  7:56  Stargate  
  57  8:43  Carrier  
  57  8:44  Carrier  
  75  9:02  Carrier  
  75  9:15  Protoss Air Weapons Level 2  
  75  10:05  Probe  
  75  10:06  Pylon  
  75  10:07  Pylon  
  75  10:08  Pylon  
  75  10:13  Probe  
  76  10:18  Pylon  
  76  10:20  Pylon  
  73  10:23  Probe  
  73  10:24  Carrier x2  
  73  10:25  Carrier  
  92  10:35  Probe  
  93  10:47  Probe  
  94  11:28  Carrier x2  
  94  11:29  Carrier  
  112  11:43  Probe  
  112  11:46  Nexus  
  113  11:51  Probe  
  107  12:00  Probe  
  108  12:08  Photon Cannon  
  109  12:11  Photon Cannon  
  109  12:12  Probe  
  109  12:15  Pylon  
  110  12:19  Pylon  
  110  12:25  Probe  
  111  12:32  Carrier  
  111  12:33  Carrier  
  111  12:37  Tempest  
  128  13:22  Nexus  
  128  13:40  Tempest  
  133  14:09  Tempest  
  131  14:20  Tempest  
  116  14:33  Tempest  
  121  14:40  Nexus  
  121  14:43  Probe  
  122  14:55  Probe  
  123  15:07  Probe  
Show
View Real Time Build Order
Export as new Build Order

Suffocation Zerg - Winner!

Build Orders: Pool First 

Get SALT Encoding   

  12  0:20  Spawning Pool  
  11  0:23  Drone  
  11  0:28  Drone  
  13  0:31  Drone  
  14  0:41  Overlord  
  14  0:50  Extractor  
  14  0:52  Extractor  
  12  1:08  Zergling x4  
  12  1:09  Zergling x2  
  15  1:13  Queen  
  17  1:21  Drone  
  18  1:31  Drone  
  19  1:41  Drone  
  20  1:54  Drone  
  21  2:03  Drone  
  22  2:31  Overlord  
  22  2:32  Overlord  
  19  2:47  Spine Crawler x2  
  19  2:48  Spine Crawler  
  19  2:50  Spine Crawler  
  15  2:53  Drone  
  16  3:17  Drone x2  
  16  3:18  Drone  
  19  3:36  Lair  
  19  4:17  Hatchery  
  19  4:21  Extractor  
  17  4:25  Extractor  
  16  4:32  Drone  
  16  4:35  Drone  
  18  4:48  Drone  
  18  4:50  Drone  
  20  4:59  Drone  
  21  5:03  Drone  
  22  5:08  Drone  
  22  5:12  Drone  
  24  5:37  Spire  
  24  5:38  Drone  
  24  5:43  Queen  
  26  5:50  Drone  
  26  5:54  Drone x2  
  29  6:08  Drone x4  
  33  6:15  Spine Crawler  
  32  6:23  Spine Crawler  
  31  6:28  Drone x2  
  31  6:29  Drone  
  34  6:36  Overseer x2  
  34  6:51  Drone x2  
  36  6:55  Zerg Flyer Weapons Level 1  
  36  7:02  Infestation Pit  
  35  7:14  Drone x2  
  35  7:15  Drone  
  38  7:21  Overlord x2  
  38  7:44  Mutalisk  
  38  7:45  Mutalisk x6  
  38  7:46  Mutalisk  
  54  8:11  Drone x5  
  59  8:40  Overlord x3  
  59  8:49  Zerg Flyer Armor Level 1  
  57  8:56  Drone x2  
  57  8:57  Drone  
  58  9:20  Extractor  
  58  9:21  Extractor  
  56  9:29  Mutalisk x6  
  56  9:30  Mutalisk x3  
  56  9:31  Hatchery  
  73  9:45  Lair  
  73  9:53  Zergling x4  
  73  9:54  Zergling x2  
  73  9:59  Hatchery  
  75  10:01  Extractor  
  75  10:03  Extractor  
  48  11:44  Mutalisk  
  48  11:45  Mutalisk x2  
  43  11:54  Drone x3  
  43  11:55  Queen  
  43  11:58  Queen  
  49  13:39  Lair  
  49  13:44  Drone x3, Evolution Chamber x2  
  49  13:48  Lair  
  37  14:31  Drone  
  37  14:32  Drone x5  
  43  14:50  Hatchery  
  43  14:51  Extractor  
  43  14:52  Extractor  
  39  15:03  Hatchery  
Show
View Real Time Build Order
Export as new Build Order

Throwfordays Zerg 

Build Orders: Hatch First, Swarm Host 

Get SALT Encoding   

  12  0:01  Drone  
  13  0:13  Overlord  
  13  0:18  Drone  
  14  0:32  Drone x2  
  16  0:54  Hatchery, Drone  
  16  1:02  Drone  
  17  1:12  Spawning Pool  
  17  1:17  Drone  
  17  1:20  Extractor  
  17  1:25  Drone x2  
  18  1:31  Overlord  
  18  1:47  Drone  
  19  2:02  Zergling x2  
  19  2:03  Zergling x2, Queen  
  23  2:08  Spine Crawler  
  23  2:11  Spine Crawler  
  21  2:19  Zergling x4  
  23  2:28  Queen  
  25  2:36  Zergling x4  
  26  2:50  Drone x2  
  28  2:55  Drone x3  
  31  3:11  Overlord  
  31  3:12  Overlord  
  31  3:17  Drone  
  31  3:19  Drone x2  
  34  3:23  Extractor  
  33  3:28  Drone x2  
  35  3:34  Drone  
  35  3:36  Drone  
  37  3:43  Drone x2  
  39  3:56  Drone x2  
  39  4:01  Baneling Nest  
  40  4:03  Lair  
  40  4:14  Roach Warren  
  40  4:15  Drone x3  
  40  4:16  Drone  
  43  4:19  Metabolic Boost  
  43  4:25  Drone x3  
  46  4:32  Extractor  
  46  4:33  Extractor, Drone x2  
  46  4:37  Overlord  
  46  4:43  Drone x3  
  49  5:10  Infestation Pit  
  49  5:13  Nydus Network  
  47  5:16  Hydralisk Den  
  47  5:20  Roach x2  
  47  5:21  Roach  
  52  5:25  Drone  
  52  5:27  Drone x3  
  57  5:28  Drone  
  54  5:44  Drone x3  
  57  5:50  Overlord  
  57  5:51  Overlord  
  57  6:06  Hatchery  
  56  6:15  Evolution Chamber  
  56  6:17  Evolution Chamber  
  54  6:24  Swarm Host  
  54  6:25  Swarm Host x5  
  72  6:33  Drone x2  
  72  6:35  Overlord x2  
  74  6:44  Zerg Missile Weapons Level 1  
  74  6:46  Zerg Ground Armor Level 1  
  74  6:58  Swarm Host x2  
  80  7:02  Swarm Host x2  
  86  7:09  Zergling x2  
  86  7:10  Zergling x2  
  86  7:14  Drone x2  
  90  7:18  Drone x2  
  92  7:26  Drone  
  92  7:28  Drone  
  92  7:29  Queen  
  96  7:48  Nydus Canal  
  96  7:54  Overlord x4  
  96  8:42  Drone x3  
  96  8:45  Drone x4  
  103  9:24  Pneumatized Carapace  
  103  9:29  Swarm Host x3  
  112  9:46  Extractor  
  112  9:47  Extractor  
  112  9:51  Drone  
  111  9:55  Overlord  
  111  10:00  Overseer  
  111  10:06  Hydralisk  
  111  10:07  Hydralisk x4  
  111  10:10  Overlord  
  121  10:29  Drone x3  
  121  10:31  Drone x2  
  126  10:39  Hydralisk x4  
  134  11:03  Hydralisk x3  
  136  11:06  Hydralisk x3  
  131  11:13  Grooved Spines  
  126  11:20  Nydus Canal  
  126  11:27  Hydralisk x3  
  126  11:32  Spire  
  80  11:55  Hydralisk x2  
  77  12:12  Zerg Ground Armor Level 2, Zerg Missile Weapons Level 2  
  77  12:19  Nydus Canal  
  75  12:33  Drone  
  75  12:34  Drone x2  
  78  13:14  Hatchery  
  78  13:18  Hatchery  
  76  13:22  Extractor  
  75  13:29  Zerg Flyer Weapons Level 1  
  75  13:52  Nydus Canal  
  69  14:28  Nydus Canal  
  69  14:38  Corruptor x2  
  69  14:39  Corruptor x4  
  69  14:42  Corruptor x2  
  69  14:44  Corruptor  
  69  14:45  Corruptor  
Show
View Real Time Build Order
Export as new Build Order

Cthulhu Zerg 

Build Orders: Pool First 

Get SALT Encoding   

  12  0:02  Drone  
  13  0:10  Drone  
  14  0:23  Overlord  
  14  0:39  Spawning Pool  
  14  0:41  Drone  
  14  0:43  Drone  
  15  0:50  Drone  
  16  1:01  Drone  
  17  1:14  Extractor  
  17  1:17  Drone x2  
  18  1:35  Zergling x2  
  18  1:36  Hatchery  
  18  1:40  Zergling x2  
  18  1:46  Extractor  
  18  1:50  Drone  
  18  1:52  Queen  
  21  2:01  Spine Crawler  
  21  2:06  Spine Crawler  
  20  2:09  Drone x2  
  21  2:42  Drone  
  22  2:45  Overlord  
  22  2:46  Extractor  
  22  3:05  Drone x2  
  22  3:11  Drone x2  
  26  3:12  Zergling x2  
  26  3:36  Overlord x2  
  26  3:39  Lair  
  26  3:40  Metabolic Boost  
  26  3:43  Drone x3  
  29  4:04  Drone x2  
  29  4:07  Zergling x2, Drone  
  29  4:08  Drone  
  34  4:18  Drone x2  
  36  4:28  Drone x2  
  38  4:40  Hydralisk Den  
  38  4:45  Evolution Chamber  
  36  4:46  Evolution Chamber  
  35  4:56  Drone, Infestation Pit  
  35  4:57  Zergling x2, Drone x2  
  38  5:05  Drone x2  
  40  5:12  Hatchery  
  39  5:19  Drone x2  
  39  5:20  Drone  
  42  5:41  Hydralisk  
  42  5:42  Hydralisk x4  
  43  5:45  Extractor  
  43  5:48  Extractor  
  49  5:52  Zerg Ground Armor Level 1, Zerg Missile Weapons Level 1  
  49  6:07  Overseer  
  49  6:10  Drone x2  
  51  6:12  Overlord x3  
  51  6:28  Overseer  
  51  6:36  Pneumatized Carapace  
  51  6:38  Drone  
  51  6:39  Drone x6  
  58  6:49  Extractor  
  58  6:50  Extractor  
  56  7:20  Zergling x6  
  59  7:30  Drone x9  
  68  7:38  Hydralisk  
  69  7:47  Zerg Ground Armor Level 2, Zerg Missile Weapons Level 2  
  69  7:52  Spore Crawler x2  
  69  7:57  Spore Crawler  
  66  8:00  Spore Crawler  
  66  8:01  Spore Crawler x2  
  66  8:03  Spore Crawler  
  62  8:09  Hydralisk x3  
  62  8:10  Hydralisk x6  
  80  8:18  Zergling x2  
  81  8:20  Grooved Spines  
  81  8:28  Lurker Den  
  81  8:29  Overlord x2  
  80  8:53  Hydralisk  
  80  8:54  Hydralisk x8  
  86  9:05  Spore Crawler x3  
  83  9:17  Zergling x6  
  86  9:32  Muscular Augments  
  86  9:43  Hatchery  
  81  10:08  Overlord x4  
  81  10:09  Overlord  
  78  10:35  Hydralisk  
  78  10:36  Hatchery, Hydralisk x3  
  85  11:03  Hydralisk  
  87  11:06  Overlord x2  
  87  11:07  Overlord  
  63  11:30  Hydralisk  
  63  11:31  Hydralisk x4  
  59  11:40  Hydralisk  
  55  11:59  Hydralisk  
  55  12:00  Hydralisk x3  
  59  12:40  Hydralisk  
  59  12:41  Hydralisk x3  
  67  12:45  Drone x3  
  67  12:49  Drone  
  67  12:50  Drone x2  
  73  12:54  Drone x2  
  72  13:08  Spore Crawler  
  72  13:10  Spore Crawler x2  
  69  13:15  Drone  
  69  13:16  Drone  
  69  13:18  Hydralisk  
  73  13:48  Queen x3  
  73  13:50  Drone  
  73  13:51  Drone x2  
  75  14:14  Infestor  
  75  14:15  Infestor  
  75  14:16  Zergling x4, Infestor x2  
  62  14:17  Zergling x6  
  62  14:18  Zergling x2  
Tags
 
Add a new tag
Caveats
  • Supply blocks, unpowered buildings, or Contaminate may cause inaccurate times.
  • Supply counts are checked every 10 seconds.